 Dungeon Crawl Stone Soup version 0.30-a0-857-gcaf70739d4 (webtiles) character file.

Game seed: 2432168558018684363

391 BubbleThief the Cudgeller (level 6, -6/60 HPs)
             Began as a Naga Cinder Acolyte on Mar 6, 2023.
             Was a High Priest of Ignis.
             Mangled by a lemure (8 damage)
             ... led by Pikel
             ... on level 4 of the Dungeon.
             The game lasted 00:04:58 (3274 turns).

BubbleThief the Cudgeller (Naga Cinder Acolyte)     Turns: 3274, Time: 00:04:59

Health: -6/60      AC:  4    Str: 18    XL:     6   Next: 80%
Magic:  1/7        EV:  9    Int: 15    God:    Ignis [*****.]
Gold:   262        SH:  0    Dex:  6    Spells: 5/7 levels left

rFire   + . .      SeeInvis +    l - +2 whip (flame)
rCold   . . .      Faith    .    (no shield)
rNeg    . . .      Spirit   .    p - +0 steam dragon scales
rPois   +          Reflect  .    (no helmet)
rElec   .          Rampage  .    (no cloak)
rCorr   .                        (no gloves)
Will    .....                    (no barding)
Stlth   +                        (no amulet)
HPRegen 0.30/turn                (no ring)
MPRegen 0.10/turn                (no ring)

@: short of breath, very slightly contaminated, very slow
A: AC +2, large, see invisible, deformed body, poison resistance, slowness 2,
spit poison 1, naga tail 1
a: Spit Poison, Renounce Religion, Fiery Armour, Foxfire Swarm, Rising Flame


You were on level 4 of the Dungeon.
You worshipped Ignis.
Ignis was extremely pleased with you.
You visited 1 branch of the dungeon, and saw 4 of its levels.

You collected 262 gold pieces.

Inventory:

Hand Weapons
 a - a -1 mace of flaming
 l - a +2 whip of flaming (weapon)
Armour
 p - +0 steam dragon scales (worn)
Wands
 r - a wand of acid (3)
Scrolls
 c - 3 scrolls of teleportation {unknown}
 f - a scroll of fear {unknown}
 h - 5 scrolls of identify {unknown}
 i - 2 scrolls of poison {unknown}
 j - a scroll of blinking {unknown}
 o - a scroll of brand weapon {unknown}
 q - a scroll of immolation {unknown}
 u - a scroll of acquirement {unknown}
 v - a scroll of magic mapping {unknown}
Potions
 b - a potion of heal wounds {unknown}
 d - 2 potions of berserk rage {unknown}
 e - 2 potions of lignification {unknown}
 g - 2 potions of resistance {unknown}
 k - a potion of curing {unknown}
 m - a potion of experience {unknown}
 n - 2 potions of flight {unknown}
 s - a potion of cancellation {unknown}
 t - 2 potions of mutation {unknown}


   Skills:
 + Level 4.9 Fighting
 * Level 6.3 Maces & Flails
 - Level 1.0 Spellcasting
 - Level 3.0 Fire Magic


You had 5 spell levels left.
You knew the following spells:

 Your Spells              Type           Power      Damage    Failure   Level
a - Scorch                Fire           18%        2d6       11%         2

Your spell library contained the following spells:

 Spells                   Type           Power      Damage    Failure   Level


Dungeon Overview and Level Annotations

Branches:
Dungeon (4/15)
 Temple: D:4-7

Altars:

Shops:
D:2 [


Innate Abilities, Weirdness & Mutations

Your serpentine skin is tough. (AC +2)
You have supernaturally acute eyesight. (SInv)
Armour fits poorly on your strangely shaped body.
Your system is resistant to poisons. (rPois)
You cover ground very slowly.
You can spit poison.
You have a snake-like lower body.


Message History

You have got your breath back.
There is a stone staircase leading down here.
The lemure closely misses you.
You climb downwards.
The lemure hits you. The lemure hits you but does no damage.
There is a stone staircase leading up, spattered with blood here.
You closely miss the lemure.
The lemure is severely wounded.
The lemure looks more healthy.
The lemure closely misses you. The lemure hits you!
You whack the lemure! You burn the lemure.
You kill the lemure!
That felt strangely unrewarding.
Aiming: Spit Poison (1% risk of failure)
Press: ? - help, Shift-Dir - straight line, f - lemure
Aim: a lemure (50% to hit)
The splash of poison hits the lemure!
The lemure is moderately wounded.
The lemure hits you!
* * * LOW HITPOINT WARNING * * *
Casting: Scorch (safe; 11% risk of failure)
Confirm with . or Enter, or press ? or * to list all spells.
You miscast Scorch.
You are very lightly contaminated with residual magic.
Nothing appears to happen.
The lemure hits you!
* * * LOW HITPOINT WARNING * * *
You hit the lemure but do no damage.
The lemure is moderately wounded.
The lemure barely misses you.
You barely miss the lemure.
The lemure is moderately wounded.
The lemure hits you!
* * * LOW HITPOINT WARNING * * *
You barely miss the lemure.
The lemure is moderately wounded.
The lemure misses you.
You closely miss the lemure.
The lemure is moderately wounded.
The lemure hits you!
You die...

..# #.#
#.## #..#
##.####.[#
...55.†..#
.#.#####.#
#.# #@#
#5# #.#
#.# #.#
#.# #.#
..#


You could see a lemure.

Vanquished Creatures
  A steam dragon (D:3)
  3 lemures (D:4)
  Ijyb (D:3)
  2 iguanas (D:3)
  2 orc wizards (D:3)
  5 adders
  2 worms
  A dart slug (D:2)
  6 orcs
  5 bats
  8 endoplasms
  3 giant cockroaches
  9 goblins
  3 hobgoblins
  4 jackals (D:3)
  5 kobolds
  3 quokkas
  6 ball pythons
  5 rats
74 creatures vanquished.

Notes
Turn   | Place    | Note
-------+----------+-------------------------------------------
     0 | D:1      | BubbleThief the Naga Cinder Acolyte began the quest for the
                  | Orb.
     0 | D:1      | Reached XP level 1. HP: 21/21 MP: 2/2
   121 | D:1      | Reached XP level 2. HP: 7/28 MP: 3/3
   513 | D:1      | Reached XP level 3. HP: 34/34 MP: 4/4
   677 | D:2      | Found Ytinkeutt's Armour Boutique.
   694 | D:2      | Learned a level 2 spell: Scorch
   798 | D:2      | Reached skill level 4 in Maces & Flails
  1184 | D:2      | Reached XP level 4. HP: 42/43 MP: 0/5
  1908 | D:3      | Reached XP level 5. HP: 43/50 MP: 2/6
  1922 | D:3      | Noticed a steam dragon
  1938 | D:3      | Killed a steam dragon
  1939 | D:3      | Reached skill level 5 in Maces & Flails
  1939 | D:3      | Reached XP level 6. HP: 11/58 MP: 1/7
  2432 | D:3      | Reached skill level 6 in Maces & Flails
  2511 | D:3      | Noticed Ijyb
  2517 | D:3      | Killed Ijyb
  3272 | D:4      | HP: 2/60 [lemure[Pikel] (8)]
  3274 | D:4      | Mangled by a lemure

Illustrated notes

Levels and vault maps discovered:
D:1:      elethiomel_arrival_shortcut, layout_rooms, hangedman_decor_points
D:2:      layout_loops_corners, serial_shops, nicolae_diamond_shop
D:3:      layout_loops_cross, st_stairs_5, hex_tiny, minivault_5, uniq_ijyb
D:4:      layout_loops_ring, grunt_temple_overflow_champion_of_chaos,
          minmay_temple_entry_stoned_glass, uniq_pikel, uniq_edmund,
          uniq_menkaure, uniq_grinder

Skill      XL: |  1  2  3  4  5  6 |
---------------+-------------------+-----
Maces & Flails | 4 5 6 |  6.3
Fighting       | 4 |  4.9
Spellcasting   | |  1.0
Fire Magic     | |  3.0

Action                     |  1- 3 |  4- 6 || total
---------------------------+-------+-------++-------
  Melee: Mace              |    55 |       ||    55
         Whip              |     7 |    97 ||   104
         Punch             |       |     1 ||     1
   Cast: Scorch            |     6 |    25 ||    31
Ability: Spit Poison       |    25 |    29 ||    54
 Armour: Robe              |    13 |     8 ||    21
         Steam dragon scal |       |     8 ||     8
  Dodge: Dodged            |    40 |    43 ||    83

Table legend: (Time is in decaauts)
 A = Elapsed time spent in this place.
 B = Non-inter-level travel time spent in this place.
 C = Inter-level travel time spent in this place.
 D = Time resting spent in this place.
 E = Time spent auto-exploring this place.
 F = Levels seen in this place.
 G = Mean time per level.
                   A        B        C        D        E       F      G
               +--------+--------+--------+--------+--------+-----+--------+
         Total |   4017 |   3880 |    137 |     56 |   3306 |   4 | 1004.2 |
       Dungeon |   4017 |   3880 |    137 |     56 |   3306 |   4 | 1004.2 |
               +--------+--------+--------+--------+--------+-----+--------+

Top non-repeatable levels by time:
     D:3: 1796 daAuts
     D:2: 1413 daAuts
     D:1: 764 daAuts
     D:4: 42 daAuts
